[Event "Titled Tuesday Blitz January 03 Early 2023"]
[White "Cella, Glaucio Dalla Cortt"]
[Black "Bortnyk, Mykola"]
[WhiteFideId "2119455"]
[BlackFideId "14120836"]
[WhiteElo "1894"]
[BlackElo "2425"]
[Result "0-1"]
[Round "03"]
[TimeControl "180+2"]
[Date "2023.01.03"]
[WhiteClock "0:00:16"]
[BlackClock "0:01:03"]

1. e4 Nf6 2. Nc3 d5 3. exd5 Nxd5 4. Bc4 Nb6 5. Bb3 c5 6. d3 Nc6 7. Nge2 Bg4 8. f3 Bh5 9. Be3 e6 10. O-O Be7 11. Ne4 Nd7 12. Nf4 Bg6 13. Nxg6 hxg6 14. h3 Qc7 15. c3 O-O-O 16. Ba4 Nde5 17. Qe2 Nxd3 18. Rad1 c4 19. b3 f5 20. Bxc6 Qxc6 21. Nd2 cxb3 22. axb3 Qxc3 23. Bxa7 Bc5+ 24. Bxc5 Qxc5+ 25. Kh2 Nf4 26. Rc1 Nxe2 27. Rxc5+ Kb8 28. Nc4 Nd4 29. b4 g5 30. Ra1 Nb3 31. Ra3 Nxc5 32. bxc5 Kc7 33. Nb6 Kc6 34. Rc3 g4 35. fxg4 fxg4 36. Kg3 gxh3 37. gxh3 Rh5 38. Kg4 Rxc5 39. Nc4 Rd4+ 0-1


[Site "https://www.chess.com"]

[Event "Titled Tuesday Blitz January 03 Early 2023"]
[White "Kovalenko, Igor"]
[Black "Padmini, Rout"]
[WhiteFideId "14117908"]
[BlackFideId "5029295"]
[WhiteElo "2674"]
[BlackElo "2375"]
[Result "0-1"]
[Round "03"]
[TimeControl "180+2"]
[Date "2023.01.03"]
[WhiteClock "0:00:49"]
[BlackClock "0:00:08"]

1. d4 Nf6 2. Nf3 e6 3. e3 d5 4. Bd3 Bd6 5. O-O O-O 6. b3 b6 7. Bb2 Bb7 8. Nbd2 Nbd7 9. a4 Ne4 10. a5 a6 11. axb6 cxb6 12. Qe2 b5 13. c4 bxc4 14. bxc4 a5 15. c5 Bc7 16. Bb5 Nb8 17. Ra4 f5 18. Rfa1 Nc6 19. g3 Qf6 20. Nb3 g5 21. Nfd2 g4 22. Nxe4 fxe4 23. Qxg4+ Kh8 24. Rf1 Rg8 25. Qh3 Rg6 26. Nd2 Rag8 27. Ba1 h5 28. Ra2 h4 29. Nxe4 dxe4 30. Bxc6 Bxc6 31. d5 e5 32. dxc6 Rh6 33. g4 Rhg6 34. Bc3 Rxg4+ 35. Kh1 Qg6 36. Raa1 Qf5 37. f4 Rg1+ 38. Rxg1 Qxh3 39. Rxg8+ Kxg8 40. Rg1+ Kf7 41. fxe5 Qf3+ 42. Rg2 h3 0-1


[Site "https://www.chess.com"]

[Event "Titled Tuesday Blitz January 03 Early 2023"]
[White "Murtazin, Ruslan"]
[Black "Grigoriants, Sergey"]
[WhiteFideId "24175960"]
[BlackFideId "4130804"]
[WhiteElo "2247"]
[BlackElo "2562"]
[Result "0-1"]
[Round "03"]
[TimeControl "180+2"]
[Date "2023.01.03"]
[WhiteClock "0:00:02"]
[BlackClock "0:00:50"]

1. e4 e5 2. Nf3 Nc6 3. Nc3 Nf6 4. Be2 Bb4 5. Nd5 Bc5 6. d3 h6 7. c3 d6 8. b4 Bb6 9. a4 a5 10. Nxb6 cxb6 11. b5 Ne7 12. O-O O-O 13. Re1 Ng6 14. Bf1 Re8 15. h3 d5 16. Bb2 dxe4 17. dxe4 Qc7 18. Qc2 Be6 19. Bc1 Rac8 20. Be3 Nd7 21. Rac1 Nc5 22. c4 Nf8 23. Nd2 f6 24. Nb3 Nxb3 25. Qxb3 Nd7 26. Qc2 Nc5 27. f3 Red8 28. Red1 Kf7 29. Rxd8 Rxd8 30. Rd1 Ke7 31. Rxd8 Qxd8 32. Kf2 g5 33. g4 Bf7 34. Ke1 h5 35. Kf2 h4 36. Ke1 Qd6 37. Be2 Ne6 38. Qc3 Nd4 39. Kf2 Qc5 40. Ke1 Nc2+ 41. Qxc2 Qxe3 42. Kf1 Qd4 0-1


[Site "https://www.chess.com"]

[Event "Titled Tuesday Blitz January 03 Early 2023"]
[White "Baskakov, Egor"]
[Black "Bilan, Danila"]
[WhiteFideId "24197866"]
[BlackFideId "24161918"]
[WhiteElo "2215"]
[BlackElo "2303"]
[Result "0-1"]
[Round "03"]
[TimeControl "180+2"]
[Date "2023.01.03"]
[WhiteClock "0:01:25"]
[BlackClock "0:00:57"]

1. e4 c6 2. d4 d5 3. e5 c5 4. c4 e6 5. Nf3 Nc6 6. Nc3 dxc4 7. d5 exd5 8. Qxd5 Be6 9. Qe4 Nd4 10. Nxd4 cxd4 11. Ne2 Bb4+ 12. Kd1 Qb6 13. Qg4 Bxg4 0-1


[Site "https://www.chess.com"]

[Event "Titled Tuesday Blitz January 03 Early 2023"]
[White "Berezin, Viktor"]
[Black "Zierk, Steven"]
[WhiteFideId "14107872"]
[BlackFideId "2034255"]
[WhiteElo "2307"]
[BlackElo "2488"]
[Result "0-1"]
[Round "03"]
[TimeControl "180+2"]
[Date "2023.01.03"]
[WhiteClock "0:00:05"]
[BlackClock "0:01:16"]

1. d4 e6 2. Nf3 f5 3. g3 Nf6 4. Bg2 d5 5. O-O Bd6 6. c4 c6 7. b3 Qe7 8. a4 a5 9. Ba3 Bxa3 10. Nxa3 b6 11. Nc2 O-O 12. Nce1 Na6 13. Nd3 Bb7 14. Nde5 Rfd8 15. Qc1 Ne4 16. h4 Nb4 17. Qf4 c5 18. dxc5 bxc5 19. cxd5 Bxd5 20. Nc4 Rab8 21. Nxa5 Nc2 22. Rac1 Nd4 23. Nxd4 cxd4 24. Nc6 Bxc6 25. Rxc6 Nc3 26. Qe5 Qf6 27. Rxe6 Qxe5 28. Rxe5 Rxb3 29. a5 Ra3 30. Bb7 g6 31. a6 Kf7 32. Kg2 Kf6 33. f4 Ra2 34. Rf2 Nd1 35. Rf3 d3 36. Bd5 Rxe2+ 37. Kh3 Nf2+ 38. Kg2 Ng4+ 39. Kg1 Nxe5 40. fxe5+ Rxe5 41. Bb3 d2 42. Bd1 Re1+ 43. Rf1 Ra8 44. Kf2 Rxf1+ 45. Kxf1 Rxa6 46. Ke2 Rd6 47. Bc2 Ke5 48. Bd1 f4 49. gxf4+ Kxf4 50. h5 gxh5 51. Kf2 h4 0-1


[Site "https://www.chess.com"]

[Event "Titled Tuesday Blitz January 03 Early 2023"]
[White "Ibarra Jerez, Jose Carlos"]
[Black "ArchibaldCerveza29"]
[WhiteFideId "2226332"]
[WhiteElo "2563"]
[BlackElo "2510"]
[Result "1-0"]
[Round "03"]
[TimeControl "180+2"]
[Date "2023.01.03"]
[WhiteClock "0:00:32"]
[BlackClock "0:00:01"]

1. e4 e5 2. Nf3 Nc6 3. Bb5 Nf6 4. O-O Nxe4 5. d4 Nd6 6. dxe5 Nxb5 7. a4 Nbd4 8. Nxd4 Nxd4 9. Qxd4 d6 10. Re1 Be6 11. Nc3 dxe5 12. Qxe5 Qd6 13. Qb5+ Qc6 14. Bg5 Bd6 15. Qxc6+ bxc6 16. Ne4 O-O 17. Nxd6 cxd6 18. Be7 Rfb8 19. b3 d5 20. Re3 Rb7 21. Bc5 Bf5 22. Rc3 f6 23. Re1 Kf7 24. f3 Re8 25. Rxe8 Kxe8 26. Kf2 Kd7 27. g4 Bg6 28. Bf8 Ke8 29. Bc5 Kd7 30. h4 h5 31. g5 a6 32. Bd4 fxg5 33. hxg5 Kd6 34. b4 Rf7 35. Kg3 Rf5 36. f4 Rf7 37. Be5+ Kd7 38. Kh4 Re7 39. Rc5 Rf7 40. c3 Bf5 41. Kxh5 g6+ 42. Kh6 Bd3 43. b5 axb5 44. axb5 Bxb5 45. Kxg6 Rf8 46. Kh7 Ke6 47. g6 1-0


[Site "https://www.chess.com"]

[Event "Titled Tuesday Blitz January 03 Early 2023"]
[White "Demchenko, Anton"]
[Black "Iljin, Timofey"]
[WhiteFideId "4160258"]
[BlackFideId "14110180"]
[WhiteElo "2623"]
[BlackElo "2329"]
[Result "0-1"]
[Round "03"]
[TimeControl "180+2"]
[Date "2023.01.03"]
[WhiteClock "0:00:09"]
[BlackClock "0:00:04"]

1. e4 e5 2. Nf3 Nc6 3. Bb5 a6 4. Ba4 Nf6 5. d3 b5 6. Bb3 Bc5 7. a4 Bb7 8. Nc3 b4 9. Ne2 d5 10. exd5 Nxd5 11. O-O O-O 12. a5 Kh8 13. Ng3 Nd4 14. Nxd4 Bxd4 15. Nf5 Bc5 16. Qg4 Qf6 17. Bg5 Qg6 18. Nh4 Qe6 19. Qxe6 fxe6 20. Rae1 Bd4 21. Nf3 Bxb2 22. Bd2 Rf5 23. Ng5 Re8 24. Ne4 Bd4 25. g3 Nc3 26. Bxc3 bxc3 27. Kg2 Bxe4+ 28. Rxe4 Ref8 29. f3 R5f6 30. h4 h6 31. h5 Rb8 32. Ra1 Rb5 33. Ra4 c5 34. Re2 Kg8 35. f4 exf4 36. Bxe6+ Kf8 37. gxf4 Rb1 38. Bc4 Rg1+ 39. Kh2 Rxf4 40. Re5 Rh4# 0-1


[Site "https://www.chess.com"]

[Event "Titled Tuesday Blitz January 03 Early 2023"]
[White "Erzhanov, Arman"]
[Black "Tactrics"]
[WhiteFideId "4138821"]
[WhiteElo "2228"]
[BlackElo "2846"]
[Result "0-1"]
[Round "03"]
[TimeControl "180+2"]
[Date "2023.01.03"]
[WhiteClock "0:01:40"]
[BlackClock "0:02:21"]

1. e4 e6 2. d4 d5 3. Nd2 a6 4. Ngf3 Nf6 5. e5 Nfd7 6. c3 c5 7. Bd3 Nc6 8. O-O g5 9. g4 h5 10. h3 Be7 11. Re1 Qb6 12. dxc5 Bxc5 13. Qe2 hxg4 14. hxg4 Ndxe5 15. Nxe5 Bxf2+ 16. Qxf2 Rh1+ 17. Kxh1 Qxf2 18. Nef3 Qg3 19. Rg1 Qh3+ 20. Nh2 Qxd3 21. Ndf3 f6 22. Bd2 Bd7 23. Rad1 Qc2 24. Rc1 Qh7 25. Kg2 O-O-O 26. c4 dxc4 27. Rxc4 e5 28. Rgc1 Be6 29. R4c2 Rd3 30. b4 Bd5 0-1


[Site "https://www.chess.com"]

[Event "Titled Tuesday Blitz January 03 Early 2023"]
[White "Kopylov, Alexander A."]
[Black "Gavilan Diaz, Mario"]
[WhiteFideId "4164857"]
[BlackFideId "2260905"]
[WhiteElo "2397"]
[BlackElo "2271"]
[Result "1-0"]
[Round "03"]
[TimeControl "180+2"]
[Date "2023.01.03"]
[WhiteClock "0:00:36"]
[BlackClock "0:00:13"]

1. e4 e6 2. d4 d5 3. Nd2 c5 4. exd5 Qxd5 5. Ngf3 cxd4 6. Bc4 Qd6 7. O-O Nf6 8. Nb3 Nc6 9. Nbxd4 Nxd4 10. Qxd4 Qxd4 11. Nxd4 Bd7 12. Nb5 Rc8 13. Bd3 a6 14. Nc3 Bb4 15. Bd2 O-O 16. a3 Ba5 17. Rfd1 h6 18. Kf1 Rfd8 19. Ke2 Bc6 20. f3 Nd5 21. Nxd5 Rxd5 22. Bxa5 Rxa5 23. c4 Re5+ 24. Kf2 a5 25. b4 b6 26. h4 g5 27. hxg5 hxg5 28. Re1 Rxe1 29. Rxe1 axb4 30. axb4 Kg7 31. Ra1 Ra8 32. Rxa8 Bxa8 33. Be4 Bxe4 34. fxe4 Kf6 35. Ke3 Ke5 36. c5 bxc5 37. b5 Kd6 38. Kd3 Kc7 39. e5 Kb7 40. Kc3 Kc7 41. Kb3 Kb7 42. Kc4 Kb6 43. g4 Kb7 44. Kxc5 Kc7 45. b6+ Kb7 46. Kb5 Kb8 47. Kc6 Kc8 48. b7+ Kb8 49. Kb6 f5 50. exf6 e5 51. f7 e4 52. f8=Q# 1-0


[Site "https://www.chess.com"]

[Event "Titled Tuesday Blitz January 03 Early 2023"]
[White "Winterberg, Lukas"]
[Black "Santos Ruiz, Miguel"]
[WhiteFideId "24622702"]
[BlackFideId "22291482"]
[WhiteElo "2402"]
[BlackElo "2590"]
[Result "1-0"]
[Round "03"]
[TimeControl "180+2"]
[Date "2023.01.03"]
[WhiteClock "0:00:12"]
[BlackClock "0:00:03"]

1. g3 d5 2. Bg2 e5 3. c4 d4 4. Nf3 e4 5. Ng1 Nf6 6. d3 exd3 7. exd3 Bb4+ 8. Bd2 Bxd2+ 9. Nxd2 O-O 10. Ne2 a5 11. O-O Na6 12. Nb3 c5 13. Nf4 Re8 14. Re1 Rxe1+ 15. Qxe1 a4 16. Nc1 Rb8 17. Qd2 b5 18. Nce2 bxc4 19. dxc4 Qb6 20. Nd3 Bf5 21. Nef4 Nb4 22. b3 axb3 23. axb3 Nxd3 24. Nxd3 h6 25. Ra3 Bxd3 26. Qxd3 Qb4 27. Ra8 Rxa8 28. Bxa8 g6 29. Kg2 Kg7 30. h4 h5 31. Bf3 Qb6 32. Bd1 Nd7 33. Qe4 Qd6 34. Bf3 Nb8 35. Qb7 Nd7 36. Qe4 Nf6 37. Qd3 Qe5 38. Bd1 Nd7 39. Bf3 Nb8 40. Bb7 Qe7 41. Qf3 Qd7 42. Bd5 Na6 43. Qe4 Nb4 44. Qe5+ Kh7 45. Be4 Qc8 46. Qxh5+ Kg7 47. Qe5+ Kg8 48. h5 gxh5 49. Qg5+ Kf8 50. Qh6+ Ke7 51. Qxh5 Qc7 52. Qg5+ Ke8 53. Bd5 Qe7 54. Qf5 Kd8 55. Qf4 Ke8 56. Qb8+ Qd8 57. Qe5+ Kf8 58. g4 Nxd5 59. cxd5 d3 60. Kf3 d2 61. Ke2 Qa5 62. d6 Qa2 63. d7 d1=Q+ 64. Kxd1 Qxb3+ 65. Kd2 Qa2+ 66. Ke3 Qa3+ 67. Ke2 Qa2+ 68. Kf1 Qa6+ 69. Kg1 Qa1+ 70. Qxa1 Ke7 71. Qa7 1-0


[Site "https://www.chess.com"]

[Event "Titled Tuesday Blitz January 03 Early 2023"]
[White "Concio, Michael Jr."]
[Black "Mica, Marek"]
[WhiteFideId "5217873"]
[BlackFideId "382884"]
[WhiteElo "2395"]
[BlackElo "2256"]
[Result "1-0"]
[Round "03"]
[TimeControl "180+2"]
[Date "2023.01.03"]
[WhiteClock "0:01:07"]
[BlackClock "0:00:14"]

1. e4 c5 2. Nf3 d6 3. d4 cxd4 4. Nxd4 Nf6 5. Nc3 g6 6. Be3 Bg7 7. f3 O-O 8. Bc4 Nc6 9. Qd2 Nxd4 10. Bxd4 Be6 11. Bxe6 fxe6 12. O-O-O Qa5 13. Kb1 Rac8 14. Ne2 Qxd2 15. Rxd2 a6 16. Rhd1 Nd7 17. Bxg7 Kxg7 18. Nd4 Kf7 19. b3 Rc5 20. Kb2 Rfc8 21. c4 b5 22. cxb5 axb5 23. a3 Rb8 24. Rc2 Rxc2+ 25. Nxc2 g5 26. h4 h6 27. hxg5 hxg5 28. Rh1 Kg6 29. Nd4 Nc5 30. Kc2 Rc8 31. Kd1 e5 32. Nf5 Rc7 33. Rh6+ Kf7 34. Nxd6+ Kg8 35. Nxb5 Rb7 36. a4 Nxb3 37. Rc6 Kf7 38. Kc2 Na5 39. Rc5 Kf6 40. Nc3 Nb3 41. Rc6+ e6 42. Nd5+ Kf7 43. Rc7+ Rxc7+ 44. Nxc7 Nc5 45. a5 Ke7 46. a6 Nd7 47. a7 Nb6 48. a8=Q Nxa8 49. Nxa8 Kd6 50. Nb6 Kc5 51. Nd7+ Kd4 52. Kd2 1-0


[Site "https://www.chess.com"]

[Event "Titled Tuesday Blitz January 03 Early 2023"]
[White "Matinian, Nikita"]
[Black "Tran, Thanh Tu"]
[WhiteFideId "24129100"]
[BlackFideId "12401404"]
[WhiteElo "2407"]
[BlackElo "2412"]
[Result "1-0"]
[Round "03"]
[TimeControl "180+2"]
[Date "2023.01.03"]
[WhiteClock "0:00:10"]
[BlackClock "0:00:02"]

1. e4 Nc6 2. d4 d6 3. Nf3 Nf6 4. Nc3 g6 5. d5 Nb8 6. h3 Bg7 7. Bf4 O-O 8. Qd2 c6 9. O-O-O b5 10. a3 a5 11. dxc6 b4 12. Nb5 Nxc6 13. e5 Ne4 14. Qd5 Nxf2 15. Qxc6 Bd7 16. Qc7 Nxh1 17. Qxd8 Rfxd8 18. exd6 exd6 19. Nxd6 bxa3 20. bxa3 Be6 21. Bb5 Bf8 22. Ng5 Rab8 23. Nxe6 Bxd6 24. Bxd6 Rxd6 25. Rxd6 fxe6 26. Bc4 Kg7 27. Rxe6 Ng3 28. Re7+ Kh6 29. a4 Nf5 30. Ra7 Ne3 31. Bb5 Nxg2 32. Rxa5 Nf4 33. Bd7 Rb7 34. Bg4 Kg7 35. Rb5 Ra7 36. a5 h5 37. Bc8 Kh6 38. a6 h4 39. c4 Rc7 40. Bb7 Rxc4+ 41. Kb2 Ra4 42. Kb3 Ra1 43. Rb4 Nd3 44. Rxh4+ Kg5 45. Rc4 Kf6 46. Kc3 Ne5 47. Rc8 g5 48. Kd4 Nd7 49. Rc7 Nf8 50. Rc6+ Ne6+ 51. Kd5 Ra5+ 52. Kc4 Ke5 53. Kb4 Ra1 54. Rc3 Nf4 55. Ra3 Rb1+ 56. Ka5 Ne6 57. a7 Nc7 58. a8=Q Nxa8 59. Bxa8 Rg1 60. Bb7 g4 61. hxg4 Rxg4 62. Kb5 Rg5 63. Kc5 Kf4+ 64. Bd5 Ke5 65. Re3+ Kf4 66. Re8 Kf5 67. Kd4 Rg4+ 68. Be4+ Kf6 69. Kd5 Rg5+ 70. Kd6 Ra5 71. Rf8+ Kg5 72. Bd5 Ra6+ 73. Ke5 Kg4 74. Rg8+ Kh4 75. Be4 Kh5 76. Kf4 Kh6 77. Bf5 Ra4+ 78. Ke5 Ra5+ 79. Kf6 Ra6+ 80. Be6 Ra7 81. Rg3 Ra5 82. Bf5 Ra6+ 83. Be6 Ra5 84. Rg8 Ra7 85. Rg6+ Kh7 86. Rg4 1-0


[Site "https://www.chess.com"]

[Event "Titled Tuesday Blitz January 03 Early 2023"]
[White "Girsh, Daniel"]
[Black "Orozbaev, Eldiar"]
[WhiteFideId "30949190"]
[BlackFideId "13802240"]
[WhiteElo "2123"]
[BlackElo "2235"]
[Result "1-0"]
[Round "03"]
[TimeControl "180+2"]
[Date "2023.01.03"]
[WhiteClock "0:00:08"]
[BlackClock "0:00:05"]

1. e4 e6 2. d4 d5 3. Nc3 Nf6 4. e5 Nfd7 5. f4 c5 6. Nf3 Nc6 7. Be3 Qb6 8. Na4 Qa5+ 9. c3 cxd4 10. b4 Nxb4 11. cxb4 Bxb4+ 12. Bd2 Bxd2+ 13. Nxd2 b6 14. Bd3 Ba6 15. Nb2 Nc5 16. Bxa6 Qxa6 17. Nb3 Rc8 18. Nxd4 Ne4 19. Nd3 Rc3 20. Nb4 Re3+ 21. Ne2 Qc4 22. Nc2 Qc3+ 23. Kf1 Rf3+ 24. Kg1 Qc5+ 25. Ncd4 Re3 26. Rc1 Qa5 27. Rc8+ Kd7 28. Rxh8 Rd3 29. Qc1 Nc3 30. Rd8+ Kc7 31. Nxc3 Qc5 32. Nb5+ Kxd8 33. Qxc5 bxc5 34. Nc6+ Kd7 35. Kf2 Kxc6 36. Rb1 Rd2+ 37. Kf3 Rxa2 38. g4 a6 39. Nd6 c4 40. Nxf7 c3 41. Rc1 d4 42. Ke4 Kc5 43. Nd8 Kc4 44. Nxe6 d3 45. Nd4 d2 46. Rd1 Ra4 47. e6 c2 48. Nxc2 Kc3+ 49. Ke3 Kxc2 50. Rxd2+ Kc3 51. e7 Ra1 52. e8=Q Re1+ 53. Re2 1-0


[Site "https://www.chess.com"]

[Event "Titled Tuesday Blitz January 03 Early 2023"]
[White "Cappai, Davide"]
[Black "Williams, Simon K"]
[WhiteFideId "813338"]
[BlackFideId "404454"]
[WhiteElo "2140"]
[BlackElo "2465"]
[Result "1/2-1/2"]
[Round "03"]
[TimeControl "180+2"]
[Date "2023.01.03"]
[WhiteClock "0:00:21"]
[BlackClock "0:00:16"]

1. e4 c5 2. Nf3 d6 3. d4 cxd4 4. Qxd4 Nc6 5. Bb5 Bd7 6. Bxc6 Bxc6 7. c4 f5 8. exf5 Qa5+ 9. Nc3 Qxf5 10. Qf4 Qxf4 11. Bxf4 Bxf3 12. gxf3 Nf6 13. Ke2 Rc8 14. b3 g6 15. Rad1 Bg7 16. Be3 a6 17. Nd5 Kf7 18. h4 b5 19. Nxf6 Bxf6 20. cxb5 axb5 21. Rd2 h5 22. Bd4 Bxd4 23. Rxd4 Rc2+ 24. Rd2 Rhc8 25. Ra1 R2c3 26. Rb2 b4 27. Rd2 Ra8 28. Rad1 Kf6 29. Rb2 Ra5 30. Rd4 Rb5 31. Rbd2 Ke6 32. Rb2 Kd7 33. Rbd2 Kc6 34. R2d3 Rc2+ 35. Rd2 Rxd2+ 36. Rxd2 e5 37. Ke3 Rc5 38. f4 Rc3+ 39. Ke4 exf4 40. Kxf4 d5 41. Kg5 Rh3 42. f4 Rg3+ 43. Kf6 Rg4 44. Ke5 Rg1 45. Rc2+ Kb5 46. Kxd5 Rg4 47. Ke5 Rxh4 48. Rc8 Rg4 49. Rb8+ Kc5 50. Rc8+ Kb5 51. Rb8+ Kc5 52. Rc8+ Kb6 53. Rb8+ Kc7 54. Rxb4 h4 55. Rc4+ Kb6 56. Rc2 Kb5 57. a3 Rg3 58. Rh2 h3 59. f5 gxf5 60. Kxf5 Rxb3 61. Kg4 Rxa3 62. Rxh3 Rxh3 63. Kxh3 1/2-1/2


[Site "https://www.chess.com"]

[Event "Titled Tuesday Blitz January 03 Early 2023"]
[White "Antonica, Dragos-Andrei"]
[Black "Shuvalov, Evgenij"]
[WhiteFideId "1246372"]
[BlackFideId "4187237"]
[WhiteElo "2373"]
[BlackElo "2038"]
[Result "1-0"]
[Round "03"]
[TimeControl "180+2"]
[Date "2023.01.03"]
[WhiteClock "0:00:53"]
[BlackClock "0:00:13"]

1. d4 Nf6 2. Nf3 c5 3. c3 d5 4. Qc2 Nc6 5. dxc5 e6 6. b4 a5 7. b5 Na7 8. e3 Bxc5 9. a4 O-O 10. Nbd2 Bd7 11. Nb3 Bd6 12. Bb2 Nc8 13. c4 Ne4 14. c5 Be7 15. Bd3 f5 16. O-O Bf6 17. Ne5 Ne7 18. f3 Ng5 19. Rac1 Nf7 20. Nxf7 Rxf7 21. Nd4 Ng6 22. f4 Nf8 23. c6 bxc6 24. bxc6 Bc8 25. Nb5 Bxb2 26. Qxb2 Ba6 27. Qd4 Rc8 28. Rc5 g5 29. Rfc1 gxf4 30. exf4 Rg7 31. c7 Qd7 32. Na7 Bxd3 33. Qxd3 Rxc7 34. Rxc7 Qxc7 35. Rxc7 Rxc7 36. Nb5 Rc4 37. Nd6 Rxf4 38. Qd2 Rxa4 39. Qg5+ Ng6 40. Qf6 Ra1+ 41. Qxa1 1-0


[Site "https://www.chess.com"]

[Event "Titled Tuesday Blitz January 03 Early 2023"]
[White "Korchmar, Vasiliy"]
[Black "Reprintsev, Alexander"]
[WhiteFideId "24131750"]
[BlackFideId "14100541"]
[WhiteElo "2438"]
[BlackElo "2253"]
[Result "0-1"]
[Round "03"]
[TimeControl "180+2"]
[Date "2023.01.03"]
[WhiteClock "0:00:04"]
[BlackClock "0:00:30"]

1. e4 d5 2. exd5 Qxd5 3. Nc3 Qa5 4. d4 Nf6 5. Bc4 Nc6 6. Nf3 Bg4 7. h3 Qh5 8. hxg4 Qxh1+ 9. Bf1 O-O-O 10. Ne2 Nxd4 11. Nexd4 c5 12. Qd3 cxd4 13. Bf4 e5 14. Nxe5 Bb4+ 15. c3 Rhe8 16. cxb4 Nd5 17. Bg3 f6 18. O-O-O fxe5 19. Qf5+ Kb8 20. Bb5 Qh6+ 21. g5 Qe6 22. Qxe6 Rxe6 23. Rxd4 Ka8 24. Bc4 exd4 0-1


[Site "https://www.chess.com"]

[Event "Titled Tuesday Blitz January 03 Early 2023"]
[White "Orzech, Dominik"]
[Black "Rozman, Levy"]
[WhiteFideId "1115065"]
[BlackFideId "2039877"]
[WhiteElo "2308"]
[BlackElo "2322"]
[Result "0-1"]
[Round "03"]
[TimeControl "180+2"]
[Date "2023.01.03"]
[WhiteClock "0:00:03"]
[BlackClock "0:00:04"]

1. d4 g6 2. Nf3 Bg7 3. e4 d6 4. Nc3 a6 5. a4 Nc6 6. Bc4 Nf6 7. h3 O-O 8. Qe2 e5 9. dxe5 dxe5 10. O-O Nd4 11. Qd3 Nd7 12. b4 a5 13. Ba3 axb4 14. Bxb4 c5 15. Ba3 h6 16. Rfd1 Kh7 17. Bb2 Nb6 18. Nd5 Nxc4 19. Qxc4 Nxf3+ 20. gxf3 Bxh3 21. f4 Qh4 22. Rd3 exf4 23. Bxg7 Qg4+ 24. Rg3 fxg3 25. Nf6+ Kxg7 26. Nxg4 Bxg4 27. Qxc5 gxf2+ 28. Kxf2 Be6 29. a5 Rfc8 30. Qd4+ Kh7 31. c3 Rc6 32. Ke3 Rca6 33. Qb4 b6 34. Rh1 bxa5 35. Qd4 a4 36. Qf6 h5 37. Kf4 Ra5 38. e5 Rc8 39. Kg5 Rg8 40. Kf4 a3 41. Kg5 a2 42. Ra1 Ra4 43. Qf3 Rg4+ 44. Kf6 Rg7 45. Ke7 Ra4 46. Kf6 g5 47. Qd3+ Kh6 48. c4 Rxc4 49. Qd8 Rf4+ 50. Ke7 Rf5 51. Qh8+ Kg6 52. Kd6 g4 53. Rg1 Rg5 54. Rxg4 Rxg4 55. Qxg7+ Kxg7 56. Ke7 a1=Q 0-1


[Site "https://www.chess.com"]

[Event "Titled Tuesday Blitz January 03 Early 2023"]
[White "Fiorito, Joaquin"]
[Black "Kanakaris, Georgios"]
[WhiteFideId "180173"]
[BlackFideId "4209460"]
[WhiteElo "2405"]
[BlackElo "2391"]
[Result "1/2-1/2"]
[Round "03"]
[TimeControl "180+2"]
[Date "2023.01.03"]
[WhiteClock "0:00:13"]
[BlackClock "0:00:03"]

1. d4 Nf6 2. Nc3 d5 3. Bf4 e6 4. Nb5 Na6 5. e3 Be7 6. Nf3 O-O 7. a3 Ne4 8. h3 c6 9. Nc3 Nxc3 10. bxc3 Qa5 11. Qd2 c5 12. Ne5 f6 13. Nf3 Bd7 14. Bd3 Rfc8 15. O-O Ba4 16. Rfc1 cxd4 17. cxd4 Qxd2 18. Nxd2 b5 19. e4 Rc6 20. exd5 exd5 21. Nb3 Bd6 22. Na5 Rb6 23. Bxd6 Rxd6 24. Re1 Kf7 25. Rab1 Nc7 26. Nb7 Rc6 27. Nc5 Ne6 28. Nxa4 bxa4 29. Rb4 a5 30. Rxa4 Nf4 31. Rb1 Nxd3 32. cxd3 Rc3 33. Rb5 Rxd3 34. Rxd5 Rd1+ 35. Kh2 Rb8 36. Raxa5 Rb2 37. Rf5 g6 38. Rf3 f5 39. Ra7+ Kf6 40. Rxh7 Rxd4 41. Ra7 Ra2 42. Ra6+ Kf7 43. Rg3 Rxf2 44. Rgxg6 Rdd2 45. Raf6+ Ke7 46. Ra6 Kf7 47. Kg1 f4 48. Rg4 Ra2 49. Ra4 f3 50. Raf4+ Ke6 51. Rxf3 Rxf3 52. gxf3 Rxa3 53. Kg2 Kf5 54. Kg3 Ra1 55. Rb4 Rg1+ 56. Kf2 Rh1 57. Kg2 Rd1 58. h4 Kg6 59. Rb5 Re1 60. Kh3 Rg1 61. f4 Rf1 62. Rg5+ Kh6 63. Kg3 Rg1+ 64. Kf3 Rh1 65. Kg4 Rh2 66. Rb5 Rg2+ 67. Kf5 Rh2 68. Rb6+ Kg7 69. Kg4 Rg2+ 70. Kf3 Rh2 71. Kg3 Rh1 72. f5 Rg1+ 73. Kf3 Kf7 74. h5 Kg7 75. h6+ Kf7 76. Kf4 Rh1 77. h7 Rxh7 78. Rb7+ Kf6 79. Rb6+ Kf7 80. Rb7+ Kf6 81. Rb6+ Kf7 1/2-1/2


[Site "https://www.chess.com"]

[Event "Titled Tuesday Blitz January 03 Early 2023"]
[White "Karas, Marek"]
[Black "Maksimovic, Bojan"]
[WhiteFideId "14928558"]
[BlackFideId "14408120"]
[WhiteElo "2227"]
[BlackElo "2486"]
[Result "0-1"]
[Round "03"]
[TimeControl "180+2"]
[Date "2023.01.03"]
[WhiteClock "0:00:04"]
[BlackClock "0:00:50"]

1. d4 Nf6 2. Nf3 d6 3. Nc3 Bf5 4. e3 h6 5. Bd3 Bxd3 6. Qxd3 Nbd7 7. e4 e5 8. O-O Be7 9. dxe5 dxe5 10. Be3 O-O 11. Nd5 c6 12. Nxf6+ Bxf6 13. Rfd1 Nb6 14. Bxb6 axb6 15. Qxd8 Rfxd8 16. a3 Kf8 17. Kf1 Ke7 18. Ke2 b5 19. Rxd8 Rxd8 20. Rd1 Ra8 21. Nd2 Ke6 22. Nb3 Be7 23. Ra1 g6 24. f3 f5 25. Nd2 h5 26. h3 h4 27. Nb3 b6 28. Nd2 c5 29. c4 bxc4 30. Nxc4 b5 31. Ne3 c4 32. Nd5 Bd6 33. Rc1 Ra7 34. Nb6 Bc5 35. Nd5 Bd4 36. Rc2 Rf7 37. Ke1 g5 38. Nb4 fxe4 39. fxe4 Rf4 40. Re2 g4 41. hxg4 Rxg4 42. Nd5 Bxb2 43. Nc7+ Kd7 44. Nxb5 Bd4 45. Kd2 Kc6 46. a4 Kc5 47. Kc2 Rg3 48. Kb1 Kb4 49. Ra2 c3 0-1


[Site "https://www.chess.com"]

[Event "Titled Tuesday Blitz January 03 Early 2023"]
[White "Goltsev, Dmitry"]
[Black "Bettalli, Francesco"]
[WhiteFideId "24176710"]
[BlackFideId "2816453"]
[WhiteElo "2269"]
[BlackElo "2252"]
[Result "1-0"]
[Round "03"]
[TimeControl "180+2"]
[Date "2023.01.03"]
[WhiteClock "0:02:39"]
[BlackClock "0:02:32"]

1. e4 g6 2. h4 Bg7 3. h5 gxh5 4. Qxh5 Nf6 5. Qg5 Rg8 6. e5 Nd5 7. Rxh7 Kf8 8. c4 Nb6 9. d4 Nc6 10. Qh4 e6 11. Bg5 Qe8 12. Rxg7 Rxg7 13. Qh8+ Rg8 14. Bh6+ Ke7 15. Qf6# 1-0


[Site "https://www.chess.com"]

[Event "Titled Tuesday Blitz January 03 Early 2023"]
[White "Baches Garcia, Guillermo"]
[Black "HSH1987"]
[WhiteFideId "2209764"]
[WhiteElo "2327"]
[BlackElo "2675"]
[Result "1-0"]
[Round "03"]
[TimeControl "180+2"]
[Date "2023.01.03"]
[WhiteClock "0:01:44"]
[BlackClock "0:01:31"]

1. e4 c6 2. c4 d5 3. exd5 cxd5 4. cxd5 Nf6 5. Nc3 g6 6. Nf3 Bg7 7. Bc4 O-O 8. O-O b6 9. d3 Bb7 10. Qb3 Na6 11. Re1 Nc5 12. Qa3 Nxd5 13. Nxd5 Bxd5 14. Bg5 Re8 15. Bb5 Be4 16. dxe4 1-0


[Site "https://www.chess.com"]

[Event "Titled Tuesday Blitz January 03 Early 2023"]
[White "Liyanage, Ranindu Dilshan"]
[Black "Blanco Acevedo, Cristobal Jose"]
[WhiteFideId "9915834"]
[BlackFideId "3900525"]
[WhiteElo "2342"]
[BlackElo "2310"]
[Result "1-0"]
[Round "03"]
[TimeControl "180+2"]
[Date "2023.01.03"]
[WhiteClock "0:00:26"]
[BlackClock "0:00:01"]

1. e4 c5 2. Nc3 e6 3. g3 Nc6 4. Bg2 d6 5. Nge2 Nd4 6. Nxd4 cxd4 7. Ne2 e5 8. O-O Ne7 9. d3 g6 10. f4 Bg7 11. c3 dxc3 12. bxc3 O-O 13. Ba3 Re8 14. h3 exf4 15. gxf4 f5 16. Kh1 Kh8 17. Nd4 Nc6 18. Nb5 Bf8 19. c4 a6 20. Nc3 Bg7 21. Nd5 Nd4 22. Rb1 fxe4 23. dxe4 Qh4 24. Qd3 b5 25. cxb5 axb5 26. Bb2 Ra4 27. Nb6 Be6 28. Nxa4 Bc4 29. Qd2 Bxf1 30. Rxf1 Rxe4 31. Bxe4 Qxh3+ 32. Kg1 Qg3+ 33. Bg2 1-0


[Site "https://www.chess.com"]